 Dungeon Crawl Stone Soup version 0.21-a0-64-g1c0f2e3 (webtiles) character file.

104 Manul the Skirmisher (level 4, -4/24 HPs)
             Began as a Vine Stalker Wanderer on June 17, 2017.
             Slain by an ogre
             ... wielding a +0 giant spiked club
              (5 damage)
             ... on level 4 of the Dungeon.
             The game lasted 00:02:16 (2402 turns).

Manul the Skirmisher (Vine Stalker Wanderer)        Turns: 2402, Time: 00:02:16

Health: -4/24      AC:  5    Str: 14    XL:     4   Next: 80%
Magic:  0/5        EV: 11    Int: 13    God:
Gold:   156        SH:  0    Dex: 14    Spells: 3/3 levels left

rFire    . . .     SeeInvis .   a - +2 quarterstaff
rCold    . . .     Gourm    .   (shield currently unavailable)
rNeg     . . .     Faith    .   s - +0 ring mail
rPois    .         Spirit   +   (no helmet)
rElec    .         Reflect  .   (no cloak)
rCorr    .         Harm     .   (no gloves)
MR       .....                  (no boots)
Stlth    ++........             h - amulet of magic regeneration
HPRegen  0.48/turn              (no ring)
MPRegen  0.34/turn              (no ring)

@: no status effects
A: fangs 2, regeneration 1, magic shield, antimagic bite, no potion heal 3, rot
immunity
a: no special abilities


You were on level 4 of the Dungeon.
You were not hungry.

You visited 1 branch of the dungeon, and saw 4 of its levels.

You collected 156 gold pieces.

Inventory:

Hand Weapons
 a - a +2 quarterstaff (weapon)
 e - a +0 dagger
 o - a +0 short sword of flaming
Armour
 d - a +0 robe
 s - a +0 ring mail (worn)
Jewellery
 h - an amulet of magic regeneration (around neck)
 m - a +4 amulet of reflection {unknown}
Scrolls
 i - a scroll of immolation {unknown}
 k - 2 scrolls of fog {unknown}
 n - 2 scrolls of identify {unknown}
 q - a scroll of enchant armour {unknown}
 r - a scroll of amnesia {unknown}
 t - a scroll of teleportation {unknown}
 u - a scroll of enchant weapon {unknown}
Potions
 l - a potion of agility {unknown}
Comestibles
 c - a meat ration
 f - 3 bread rations
 j - 4 fruits
 p - a royal jelly


   Skills:
 + Level 3.5 Fighting
   Level 1.0 Long Blades
 + Level 3.0 Staves
 + Level 1.5 Dodging
 + Level 3.1 Stealth
   Level 1.0 Evocations


You had 3 spell levels left.
You didn't know any spells.

Dungeon Overview and Level Annotations

Branches:
Dungeon (4/15)
 Temple: D:4-7

Altars:
Hepliaklqana


Innate Abilities, Weirdness & Mutations

You have extremely sharp teeth.
Your natural rate of healing is unusually fast.
When hurt, damage is shared between your health and your magic reserves.
Your bite disrupts and absorbs the magic of your enemies.
Potions cannot restore your health.
You are immune to rotting.


Message History

You are poisoned.
The worker ant poisons you!
Your system rejects the healing.
You feel better.
The howler monkey hoots and howls with incredible vigour!
The adder completely misses you. The worker ant bites you.
* * * LOW HITPOINT WARNING * * *
You are lethally poisoned!
The worker ant poisons you!
A frilled lizard comes into view.
Okay, then.
As you read the scroll labeled FIMOEBUTEF, it crumbles to dust.
You feel blessed for a moment.
It was a scroll of remove curse.
* * * LOW HITPOINT WARNING * * *
You feel sick. The adder bites you but does no damage.
The worker ant closely misses you. The adder bites you but does no damage.
Unknown command.
Your system rejects the healing.
You feel better. The worker ant barely misses you.
The ogre hits you with a giant spiked club.
You die...

#...........#.#
#.....#.....#.#
#.....#.....#.#
#....####'#.#.#
#.........#.#'##
###########....#
........#....#
........#....#
........#.@..#
........#aSO.#
..........h..#
........##...#
........''...#
........##...#
........##..l#
........##...#
##.##.... ....


You could see an ogre, a howler monkey, a worker ant, an adder and a frilled
lizard.

Vanquished Creatures
  An iguana (D:4)
  An adder (D:2)
  An ooze (D:2)
  A worm (D:3)
  2 dart slugs
  3 leopard geckos
  4 giant cockroaches
  5 goblins
  8 hobgoblins
  4 jackals (D:2)
  A quokka (D:2)
  8 bats
  3 frilled lizards
  5 kobolds
  6 rats
53 creatures vanquished.

Notes
Turn   | Place    | Note
-------+----------+-------------------------------------------
     0 | D:1      | Manul the Vine Stalker Wanderer began the quest for the Orb.
     0 | D:1      | Manul set off with: a +2 quarterstaff, a potion of curing, a potion of lignification, a +0 robe, a +0 dagger, a bread ration
     0 | D:1      | Reached XP level 1. HP: 11/11 MP: 2/2
   319 | D:1      | Reached XP level 2. HP: 16/16 MP: 3/3
   683 | D:2      | Found a hazy altar of Hepliaklqana.
   728 | D:2      | Reached XP level 3. HP: 15/20 MP: 4/4
  1508 | D:2      | Gained mutation: Your natural rate of healing is unusually fast. [Vine Stalker growth]
  1508 | D:2      | Reached XP level 4. HP: 24/24 MP: 5/5
  1974 | D:3      | Found a faded altar of an unknown god.
  2398 | D:4      | Noticed an ogre
  2400 | D:4      | HP: 1/24 [worker ant (2)]
  2402 | D:4      | Slain by an ogre

Vault maps used:
D:1:      lemuel_arrival_river_ford
D:2:      lemuel_round_altar, first_bread
D:3:      chequers_ecumenical_altar_lobes, hangedman_decor_peaks_small
D:4:      serial_shops, nicolae_shop_stone, elyvilon_altar_1

Skill      XL: |  1  2  3  4 |
---------------+-------------+-----
Fighting       | 3 |  3.5
Staves         | 2 3 |  3.0
Stealth        | 3 |  3.1
Long Blades    | |  1.0
Dodging        | |  1.5
Evocations     | |  1.0

Action                   |  1- 3 |  4- 6 || total
-------------------------+-------+-------++-------
Melee: Quarterstaff      |    79 |    46 ||   125
       Bite              |    17 |     6 ||    23
  Use: Potion            |     2 |     2 ||     4
       Scroll            |     2 |     1 ||     3
 Stab: Sleeping          |     3 |     3 ||     6
  Eat: Chunk             |     2 |     3 ||     5
Armor: Robe              |    18 |     3 ||    21
       Skin              |     6 |       ||     6
       Ring mail         |       |    13 ||    13
Dodge: Dodged            |    58 |    35 ||    93
